 Dungeon Crawl Stone Soup version 0.23-a0-644-gb60d84b (webtiles) character file.

46 Borgoz the Sneak (level 3, 0/25 HPs)
             Began as a Halfling Assassin on Jan 2, 2019.
             Succumbed to an adder's poison
             ... on level 2 of the Dungeon.
             The game lasted 00:02:17 (804 turns).

Borgoz the Sneak (Halfling Assassin)                 Turns: 804, Time: 00:02:17

Health: 0/25       AC:  3    Str: 13    XL:     3   Next: 92%
Magic:  3/3        EV: 20    Int:  9    God:
Gold:   33         SH:  0    Dex: 20    Spells: 2/2 levels left

rFire    . . .     SeeInvis .   a - +2 dagger
rCold    . . .     Gourm    .   (shield restricted)
rNeg     . . .     Faith    .   c - +0 robe
rPois    .         Spirit   .   (no helmet)
rElec    .         Reflect  .   d - +0 cloak
rCorr    .         Harm     .   (no gloves)
MR       .....                  (no boots)
Stlth    +++.......             (no amulet)
HPRegen  0.08/turn              k - ring of attention (curse)
MPRegen  0.08/turn              (no ring)

@: agile, lethally poisoned (0 -> -5)
A: small, mutation resistance 1
a: no special abilities


You were on level 2 of the Dungeon.
You were not hungry.

You visited 1 branch of the dungeon, and saw 2 of its levels.

You collected 33 gold pieces.

Inventory:

Hand Weapons
 a - a +2 dagger (weapon)
 b - a +0 blowgun
 i - a +0 dagger of pain
Missiles
 e - 4 poisoned needles
 f - 2 curare-tipped needles
Armour
 c - a +0 robe (worn)
 d - a +0 cloak (worn)
Jewellery
 k - a cursed ring of attention (left hand)
Scrolls
 h - a scroll of amnesia {unknown}
 j - a scroll of remove curse {unknown}
 l - a scroll of enchant weapon {unknown}
 m - 2 scrolls of identify {unknown}
Comestibles
 g - 2 rations


   Skills:
 * Level 2.4 Fighting
 + Level 2.9 Short Blades
 - Level 2.0 Throwing
 * Level 2.3 Dodging
 + Level 4.7 Stealth


You had 2 spell levels left.
You didn't know any spells.
Your spell library was empty.

Dungeon Overview and Level Annotations

Branches:
Dungeon (2/15)

Altars:


Innate Abilities, Weirdness & Mutations

You are small and have problems with some larger weapons.
You are somewhat resistant to further mutation.


Message History

You feel sick.
It was a potion of cancellation.
Your magical effects are unravelling.
You feel magically purged.
You feel a little less mighty now.
It was a potion of agility.
You feel agile all of a sudden.
* * * LOW HITPOINT WARNING * * *
You feel sick.
A bat comes into view.
* * * LOW HITPOINT WARNING * * *
You feel sick.
Found a dented amethyst amulet.
* * * LOW HITPOINT WARNING * * *
You feel sick.
You see here a glass ring.
k - a glass ring Oops, that ring feels deathly cold.
k - a cursed ring of attention (left hand)
You die...

#<#..#####.........
#.#........########
#....##.#.##
...#.......#
.....##.#..#
#..#.###.#..######
#..#.###..........
#....>...........#
..b..##@(##....
..... #.<# .###
.... #..# # ...
#... ..# ##.## .#
##


There were no monsters in sight!

Vanquished Creatures
  2 adders (D:2)
  A leopard gecko (D:1)
  A ball python (D:1)
  8 goblins
  3 hobgoblins (D:1)
  2 jackals (D:1)
  2 bats (D:1)
  3 kobolds (D:1)
  4 rats
26 creatures vanquished.

Notes
Turn   | Place    | Note
-------+----------+-------------------------------------------
     0 | D:1      | Borgoz the Halfling Assassin began the quest for the Orb.
     0 | D:1      | Reached XP level 1. HP: 14/14 MP: 1/1
    66 | D:1      | Reached XP level 2. HP: 19/19 MP: 2/2
   279 | D:1      | Reached XP level 3. HP: 23/24 MP: 3/3
   801 | D:2      | HP: 1/25 [poisoned by an adder]
   804 | D:2      | Succumbed to an adder's poison

Vault maps used:
D:1:      scummos_arrival_star, lemuel_flame_loot_1
D:2:      cheibrodos_pilgrimage, old_standard_altar, first_ration

Skill      XL: |  1  2  3 |
---------------+----------+-----
Fighting       | 2 |  2.4
Dodging        | 2 |  2.3
Short Blades   | |  2.9
Throwing       | |  2.0
Stealth        | |  4.7

Action                   || total
-------------------------++-------
Melee: Dagger            ||    80
 Fire: Blowgun           ||     4
  Use: Potion            ||     3
 Stab: Sleeping          ||     5
       Distracted        ||     1
Armor: Robe              ||    17
Dodge: Dodged            ||    57

Table legend:
 A = Non-vault XP
 B = Vault XP
 C = Vault XP percentage of total XP
 D = Non-vault monster count
 E = Vault monster count
 F = Vault count percentage of total count
                 A         B        C        D         E       F
            +---------+---------+-------+---------+---------+-------
      Total |      66 |       0 |   0.0 |      26 |       0 |   0.0
            +---------+---------+-------+---------+---------+-------
        D:1 |      38 |       0 |   0.0 |      22 |       0 |   0.0
        D:2 |      28 |       0 |   0.0 |       4 |       0 |   0.0
            +---------+---------+-------+---------+---------+-------
